 Dungeon Crawl Stone Soup version 0.32-a0-42-ga30500b4d3 (webtiles) character file.

Game seed: 5334788644685636967

397 senseless the Vexing (level 6, 0/52 HPs)
             Began as a Deep Elf Hexslinger on Jan 29, 2024.
             Was a Believer of Okawaru.
             Slain by an iguana (4 damage)
             ... on level 5 of the Dungeon.
             The game lasted 00:10:53 (2993 turns).

senseless the Vexing (Deep Elf Hexslinger)          Turns: 2993, Time: 00:10:54

Health: 0/52       AC: 23    Str:  5    XL:     6   Next: 53%
Magic:  13/13      EV:  2    Int: 18    God:    Okawaru [**....]
Gold:   245        SH:  0    Dex: 25    Spells: 9/11 levels left

rFire   . . .        a - +1 sling
rCold   . . .        (no shield)
rNeg    . . .        l - melded +7 ring mail of Valour {Dex+2}
rPois   +            w - melded +0 helmet
rElec   .            s - melded +0 cloak
rCorr   .            (gloves currently unavailable)
SInv    .            (boots currently unavailable)
Will    .....        g - amulet of regeneration
Stlth   ++           p - +6 ring of dexterity
HPRegen 1.08/turn    (no ring)
MPRegen 0.13/turn

%: no passive effects
@: tree-form (expiring)
A: stationary, stasis, torment immunity, boosted hp
a: Renounce Religion, Heroism


You were on level 5 of the Dungeon.
You worshipped Okawaru.
Okawaru was pleased with you.
You were a tree.
You visited 1 branch of the dungeon, and saw 5 of its levels.

You collected 245 gold pieces.

Inventory:

Hand Weapons
 a - a +1 sling (weapon)
Armour
 c - a +0 robe
 e - the +1 kite shield of Haaxkaq {^Contam Rampage Regen+ Stlth+}
   (You found it on level 4 of the Dungeon)

   ^Contam:   It causes magical contamination when unequipped.
   Regen+:    It increases your rate of health regeneration.
   Rampage:   It bestows one free step when moving towards enemies.
   Stlth+:    It makes you more stealthy.
 f - a +0 hat
 l - the +7 ring mail of Valour (melded) {Dex+2}
   (You found it on level 2 of the Dungeon)

   Dex+2:     It affects your dexterity (+2).
 s - a +0 cloak (melded)
 w - a +0 helmet (melded)
Jewellery
 g - an amulet of regeneration (around neck)
 p - a +6 ring of dexterity (left branch)
 u - an amulet of reflection
Wands
 t - a wand of flame (18)
Scrolls
 b - a scroll of poison
 i - a scroll of revelation
 j - a scroll of acquirement
 n - a scroll of fog
 o - a scroll of amnesia
Potions
 d - a potion of cancellation {unknown}
 h - 2 potions of degeneration {unknown}
 k - a potion of berserk rage {unknown}
 m - 4 potions of curing
 q - a potion of might
 r - 2 potions of lignification


   Skills:
 + Level 2.0 Fighting
 + Level 4.2 Ranged Weapons
 * Level 2.2 Armour
 + Level 3.8 Dodging
 + Level 3.4 Spellcasting
 + Level 5.1 Hexes
 + Level 2.7 Fire Magic


You had 9 spell levels left.
You knew the following spells:

 Your Spells              Type           Power      Damage    Failure   Level
a - Jinxbite              Hex            42%        N/A       2%          2

Your spell library contained the following spells:

 Spells                   Type           Power      Damage    Failure   Level
 Sigil of Binding         Hex            21%        N/A       5%          3
 Inner Flame              Hex/Fire       17%        N/A       10%         3
 Cause Fear               Hex            10%        N/A       19%         4
 Dimensional Bullseye     Hex/Tloc       6%         N/A       47%         4


Dungeon Overview and Level Annotations

Branches:
Dungeon (5/15)
 Temple: D:4-7

Altars:
Dithmenos
Kikubaaqudgha
Makhleb
Nemelex Xobeh
Okawaru
Qazlal
Trog


Message History

You turn into a tree.
Your +0 cloak melds into your body.
Your +0 helmet melds into your body.
The +7 ring mail of Valour {Dex+2} melds into your body.
Your roots penetrate the ground.
The hound bites you but does no damage. x2
The iguana bites you.
* * * LOW HITPOINT WARNING * * *
You shoot a sling bullet.
The sling bullet barely misses the hound.
The hound bites you but does no damage.
The iguana bites you but does no damage.
You shoot a sling bullet. The sling bullet hits the iguana.
The iguana is lightly wounded.
The hound barely misses you. x2
The iguana bites you but does no damage.
You shoot a sling bullet.
The sling bullet barely misses the iguana.
The hound bites you but does no damage. The iguana completely misses you.
The hound completely misses you.
You shoot a sling bullet. The sling bullet hits the iguana!
The iguana is heavily wounded.
The hound bites you but does no damage. The iguana bites you.
* * * LOW HITPOINT WARNING * * *
The hound bites you but does no damage.
You shoot a sling bullet. The sling bullet hits the iguana.
The iguana is almost dead.
The hound bites you but does no damage.
The iguana bites you but does no damage.
The hound bites you but does no damage. The iguana bites you!
* * * LOW HITPOINT WARNING * * *
You shoot a sling bullet.
The sling bullet hits the iguana but does no damage.
The iguana is almost dead.
The hound bites you but does no damage.
The iguana bites you but does no damage.
You shoot a sling bullet.
The sling bullet closely misses the iguana.
Your transformation is almost over.
The hound pauses to sniff the ground.
The hound bites you but does no damage. x2; The iguana bites you.
You die...

#######......#
#............#
#.......######
#.......#
#.......# ###
#.......# ....
#.......#
.....
#.......#
#.!.#l♣.....#
#..'h#######
#..'f# #8..###
...... .....
#####


You could see a sleepcap, an iguana and a hound.

Vanquished Creatures
  Grinder (D:4)
  A scorpion (D:4)
  Robin (D:4)
  4 adders
  A dart slug (D:3)
  3 ribbon worms
  2 orcs
  7 ball pythons
  3 endoplasms
  2 giant cockroaches
  20 goblins
  9 hobgoblins
  6 kobolds
  3 quokkas
  8 bats
  6 frilled lizards
  3 rats
80 creatures vanquished.

Notes
Turn   | Place    | Note
-------+----------+-------------------------------------------
     0 | D:1      | senseless the Deep Elf Hexslinger began the quest for the
                  | Orb.
     0 | D:1      | Reached XP level 1. HP: 11/11 MP: 5/5
   102 | D:1      | Reached skill level 1 in Fighting
   135 | D:1      | Reached XP level 2. HP: 16/16 MP: 6/6
   553 | D:1      | Learned a level 2 spell: Jinxbite
   610 | D:2      | Identified the +7 ring mail of Valour {Dex+2}
   626 | D:2      | Reached XP level 3. HP: 20/20 MP: 8/8
   728 | D:2      | Found a faded altar of an unknown god.
   736 | D:2      | Prayed at the altar of an unknown god.
   736 | D:2      | Became a worshipper of Warmaster Okawaru
   736 | D:2      | Reached * piety under Okawaru
  1055 | D:2      | Found a stormy altar of Qazlal.
  1540 | D:3      | Found a sparkling altar of Nemelex Xobeh.
  1551 | D:3      | Reached XP level 4. HP: 25/25 MP: 9/9
  1555 | D:3      | Found a shadowy altar of Dithmenos.
  1557 | D:3      | Found an ancient bone altar of Kikubaaqudgha.
  1572 | D:3      | Found a stormy altar of Qazlal.
  1573 | D:3      | Found a bloodstained altar of Trog.
  1573 | D:3      | Found a burning altar of Makhleb.
  1903 | D:4      | Noticed Robin
  1920 | D:4      | Killed Robin
  1923 | D:4      | Reached skill level 1 in Armour
  2056 | D:4      | Identified the +1 kite shield of Haaxkaq {^Contam Rampage
                  | Regen+ Stlth+}
  2144 | D:4      | Noticed Grinder
  2158 | D:4      | Killed Grinder
  2158 | D:4      | Reached ** piety under Okawaru
  2159 | D:4      | Reached skill level 5 in Hexes
  2159 | D:4      | Reached XP level 5. HP: 19/30 MP: 8/12
  2159 | D:4      | Reached XP level 6. HP: 23/35 MP: 8/13
  2858 | D:5      | Entered Level 5 of the Dungeon
  2860 | D:5      | Identified a scroll of acquirement
  2991 | D:5      | HP: 2/52 [iguana (7)]
  2993 | D:5      | Slain by an iguana

Illustrated notes

Levels and vault maps discovered:
D:1:      minmay_arrival_four_circles, layout_basic, roderic_serpentine_path,
          amcnicky_mini_rare_corridor_liquid
D:2:      layout_basic, basic_altar, shapermc_ecumenical_altar_mp_highgroup
D:3:      layout_loops_ring, grunt_temple_overflow_open, lemuel_tele_altar
D:4:      layout_basic, uniq_robin, uniq_grinder
D:5:      layout_basic, chequers_serial_rivers_large_b,
          kennysheep_generic_room_7

Skill      XL: |  1  2  3  4  5  6 |
---------------+-------------------+-----
Fighting       | 1 2 |  2.0
Spellcasting   | 2 3 |  3.4
Ranged Weapons | 3 4 |  4.2
Dodging        | 3 |  3.8
Armour         | 2 |  2.2
Fire Magic     | 2 |  2.7
Hexes          | 5 |  5.1

Action                     |  1- 3 |  4- 6 || total
---------------------------+-------+-------++-------
   Fire: Sling             |   118 |   109 ||   227
   Cast: Jinxbite          |     2 |     7 ||     9
    Use: Scroll            |       |    10 ||    10
         Potion            |       |     1 ||     1
 Armour: Robe              |     1 |       ||     1
         Ring mail         |    20 |    74 ||    94
         Skin              |       |    19 ||    19
  Dodge: Dodged            |    30 |    49 ||    79

Table legend: (Time is in decaauts)
 A = Elapsed time spent in this place.
 B = Non-inter-level travel time spent in this place.
 C = Inter-level travel time spent in this place.
 D = Time resting spent in this place.
 E = Time spent auto-exploring this place.
 F = Levels seen in this place.
 G = Mean time per level.
                   A        B        C        D        E       F      G
               +--------+--------+--------+--------+--------+-----+--------+
         Total |   3083 |   2935 |    148 |      0 |   2385 |   5 |  616.6 |
       Dungeon |   3083 |   2935 |    148 |      0 |   2385 |   5 |  616.6 |
               +--------+--------+--------+--------+--------+-----+--------+

Top non-repeatable levels by time:
     D:4: 1003 daAuts
     D:2: 752 daAuts
     D:3: 621 daAuts
     D:1: 562 daAuts
     D:5: 144 daAuts
